 Dungeon Crawl Stone Soup version 0.20.0-15-g7f486f2 (webtiles) character file.

6506 maniacrov the Protected (level 10, 0/93 HPs)
             Began as a Minotaur Fighter on June 13, 2017.
             Was a Follower of Trog.
             Succumbed to a black mamba's poison
             ... on level 1 of the Lair of Beasts.
             The game lasted 00:28:18 (7851 turns).

maniacrov the Protected (Minotaur Fighter)          Turns: 7851, Time: 00:28:19

Health: 0/93       AC: 17    Str: 24    XL:     10   Next: 69%
Magic:  9/9        EV:  8    Int:  7    God:    Trog [*.....]
Gold:   414        SH: 15    Dex: 12    Spells: 9/9 levels left

rFire    + . .     SeeInvis +   a - +1 war axe
rCold    . . .     Gourm    .   c - +0 shield
rNeg     . . .     Faith    .   p - +0 chain mail
rPois    .         Spirit   .   (helmet unavailable)
rElec    +         Reflect  +   n - +1 cloak
rCorr    .         Harm     .   i - +0 pair of gloves
MR       +....                  x - +0 pair of boots
Stlth    ..........             A - +3 amulet of reflection
Regen    0.3/turn               g - ring of see invisible
MPRegen  0.2/turn               s - ring "Hemupof" {rElec rF+ Int+4}

@: lethally poisoned (0 -> -8)
A: retaliatory headbutt, horns 3, agile 1, dopey 1, magic resistance 1
a: Berserk, Burn Spellbooks, Renounce Religion


You were on level 1 of the Lair of Beasts.
You worshipped Trog.
Trog was aware of your devotion.
You were very full.

You visited 3 branches of the dungeon, and saw 11 of its levels.

You collected 414 gold pieces.

Inventory:

Hand Weapons
 a - a +1 war axe (weapon)
 o - a +2 mace of protection
Armour
 c - a +0 shield (worn)
 i - a +0 pair of gloves (worn)
 n - a +1 cloak (worn)
 p - a +0 chain mail (worn)
 u - the +3 leather armour of the Mutiny {rCorr Int-2 Slay+3, unknown}
   (You found it on level 6 of the Dungeon)

   It affects your intelligence (-2).
   It affects your accuracy and damage with ranged weapons and melee attacks
   (+3).
   It protects you from acid and corrosion.
 x - a +0 pair of boots (worn)
Jewellery
 g - a ring of see invisible (left hand)
 s - the ring "Hemupof" (right hand) {rElec rF+ Int+4}
   (You found it on level 5 of the Dungeon)

   [ring of protection from fire]

   It affects your intelligence (+4).
   It protects you from fire.
   It insulates you from electricity.
 A - a +3 amulet of reflection (around neck)
Wands
 m - a wand of lightning (9/15)
 B - a wand of flame (28/48)
Scrolls
 j - a scroll of enchant armour
 k - a scroll of remove curse
 r - 2 scrolls of fog
 z - a scroll of amnesia {unknown}
Potions
 e - 2 potions of haste
 C - 3 potions of degeneration
Comestibles
 d - 17 fruits
 f - 2 bread rations
 h - 4 meat rations
 l - 12 chunks of flesh


   Skills:
 + Level 10.2 Fighting
 + Level 10.1 Axes
 + Level 10.4 Armour
 - Level 1.2 Dodging
 - Level 0.1 Stealth
 + Level 10.3 Shields


You had 9 spell levels left.
You didn't know any spells.

Dungeon Overview and Level Annotations

Branches:
Dungeon (9/15)             Temple (1/1) D:6            Lair (1/6) D:9
    Orc: D:9-12

Altars:
Ashenzari
Cheibriados
Dithmenos
Elyvilon
Gozag
Hepliaklqana
Kikubaaqudgha
Makhleb
Nemelex Xobeh
Okawaru
Qazlal
Ru
Sif Muna
Trog
Uskayaw
Vehumet
Xom
Yredelemnul
Zin
The Shining One


Innate Abilities, Weirdness & Mutations

You reflexively headbutt those who attack you in melee.
You have a pair of large horns on your head.
You are agile. (Dex +2)
You are dopey. (Int -2)
You are resistant to hostile enchantments. (MR+)


Message History

As you read the scroll labeled YQEROF EC XAPO, it crumbles to dust.
You hear a very strange noise.
It was a scroll of random uselessness.
* * * LOW HITPOINT WARNING * * *
You feel sick.
A - a +3 amulet of reflection (around neck)
* * * LOW HITPOINT WARNING * * *
You feel sick.
You eat one of the 20 fruits.
Mmmm...
Yummy plum.
Your surroundings suddenly seem different.
* * * LOW HITPOINT WARNING * * *
You feel sick.
Found a leatherbound book.
You eat one of the 19 fruits.
Mmm - a full handful of cherries!
* * * LOW HITPOINT WARNING * * *
You feel sick.
You eat one of the 18 fruits.
Mmm - a full handful of gooseberries!
* * * LOW HITPOINT WARNING * * *
You feel sick.
You die...

## ##### ..
....# .. ....#
.. ....## .# #
##.....#
#####.##
#######.#....#
........
............#
........
.......@....#
........
............#
.#####.#
########....#
.# #....# ..#
...P# .##
:...# .# ...##
.. ..# ...


There were no monsters in sight!

Vanquished Creatures
  The ghost of manyhoops the Carver, a novice DrGl of Makhleb (D:6)
  2 black mambas (Lair:1)
  A troll (D:9)
  The ghost of CODWOMAN the Chiller, an amateur DsIE (D:4)
  A hippogriff (D:9)
  Sigmund (D:3)
  15 yaks
  Edmund (D:5)
  3 water moccasins
  An ice beast (D:7)
  A necrophage (D:6)
  A phantom (D:6)
  2 ogres
  2 centaurs
  2 crocodiles (D:9)
  A big kobold (D:8)
  5 bullfrogs
  Blork the orc (D:5)
  3 scorpions
  2 crimson imps (D:5)
  2 howler monkeys
  A jelly (D:7)
  A bullfrog skeleton (D:5)
  2 orc priests
  Crazy Yiuf (D:2)
  Jessica (D:2)
  4 iguanas
  Terence (D:2)
  3 orc wizards
  3 worker ants
  A worker ant zombie (D:7)
  Robin (D:2)
  9 adders
  A shadow imp (D:7)
  An adder zombie (D:6)
  A dart slug (D:3)
  5 worms
  2 leopard geckos
  18 orcs
  A ball python (D:1)
  8 bats
  A giant cockroach (D:7)
  14 goblins
  13 hobgoblins
  12 jackals
  3 kobolds
  A quokka (D:9)
  A ball python skeleton (D:4)
  6 frilled lizards
  A giant cockroach zombie (D:5)
  A quokka skeleton (D:4)
  6 rats
173 creatures vanquished.

Notes
Turn   | Place    | Note
-------+----------+-------------------------------------------
     0 | D:1      | maniacrov the Minotaur Fighter began the quest for the Orb.
     0 | D:1      | Reached XP level 1. HP: 19/19 MP: 0/0
   199 | D:1      | Reached XP level 2. HP: 27/27 MP: 1/1
   718 | D:2      | Found a white marble altar of Elyvilon.
   751 | D:2      | Reached XP level 3. HP: 10/33 MP: 2/2
  1081 | D:2      | Noticed Jessica
  1088 | D:2      | Killed Jessica
  1198 | D:2      | Reached XP level 4. HP: 33/40 MP: 3/3
  1260 | D:2      | Noticed Robin
  1270 | D:2      | Killed Robin
  1270 | D:2      | Reached skill level 1 in Dodging
  1399 | D:2      | Found a runed door.
  1403 | D:2      | Noticed Crazy Yiuf
  1406 | D:2      | Killed Crazy Yiuf
  1480 | D:2      | Noticed Terence
  1492 | D:2      | Killed Terence
  1492 | D:2      | Reached XP level 5. HP: 44/47 MP: 4/4
  2216 | D:3      | Reached skill level 5 in Armour
  2231 | D:3      | Found a faded altar of an unknown god.
  2510 | D:3      | Noticed Sigmund
  2522 | D:3      | Killed Sigmund
  2522 | D:3      | Reached skill level 5 in Fighting
  2522 | D:3      | Reached skill level 5 in Shields
  2522 | D:3      | Reached XP level 6. HP: 53/56 MP: 5/5
  2788 | D:4      | Reached skill level 5 in Axes
  2882 | D:4      | Noticed CODWOMAN's ghost (amateur DsIE)
  2891 | D:4      | Killed CODWOMAN's ghost
  2891 | D:4      | Reached XP level 7. HP: 38/61 MP: 6/6
  3143 | D:5      | Entered Level 5 of the Dungeon
  3182 | D:5      | Noticed Blork the orc
  3189 | D:5      | Killed Blork the orc
  3262 | D:5      | Noticed Edmund
  3293 | D:5      | Killed Edmund
  3293 | D:5      | Reached XP level 8. HP: 60/71 MP: 7/7
  3563 | D:5      | Got a crude steel ring
  3623 | D:5      | Found a shadowy altar of Dithmenos.
  4029 | D:6      | Got an encrusted leather armour
  4246 | D:6      | Found a staircase to the Ecumenical Temple.
  4256 | Temple   | Entered the Ecumenical Temple
  4291 | Temple   | Became a worshipper of Trog the Wrathful
  4356 | D:6      | Found a glowing silver altar of Zin.
  4358 | D:6      | Found a white marble altar of Elyvilon.
  4362 | D:6      | Found a glowing golden altar of the Shining One.
  4428 | D:6      | Found a stormy altar of Qazlal.
  4434 | D:6      | Found an iron altar of Okawaru.
  4590 | D:6      | Noticed manyhoops's ghost (novice DrGl)
  4647 | D:6      | Killed manyhoops's ghost
  4647 | D:6      | Reached XP level 9. HP: 54/80 MP: 8/8
  5359 | D:7      | Reached * piety under Trog
  5983 | D:8      | Identified the ring "Hemupof" {rElec rF+ Int+4} (You found it on level 5 of the Dungeon)
  6205 | D:8      | Gained mutation: You are resistant to hostile enchantments. (MR+) [potion of mutation]
  6205 | D:8      | Gained mutation: You are agile. (Dex +2) [potion of mutation]
  6205 | D:8      | Gained mutation: You are dopey. (Int -2) [potion of mutation]
  6205 | D:8      | Gained mutation: You have a pair of large horns on your head. [potion of mutation]
  6612 | D:9      | Noticed a troll
  6622 | D:9      | Killed a troll
  6725 | D:9      | Reached XP level 10. HP: 26/91 MP: 9/9
  6998 | D:9      | Found a staircase to the Lair.
  7523 | Lair:1   | Entered Level 1 of the Lair of Beasts
  7543 | Lair:1   | Reached skill level 10 in Armour
  7718 | Lair:1   | Noticed a black mamba
  7725 | Lair:1   | Killed a black mamba
  7725 | Lair:1   | Reached skill level 10 in Shields
  7757 | Lair:1   | Reached skill level 10 in Fighting
  7759 | Lair:1   | Reached skill level 10 in Axes
  7819 | Lair:1   | Noticed a black mamba
  7843 | Lair:1   | Killed a black mamba
  7847 | Lair:1   | HP: 4/93 [poisoned by a black mamba]
  7850 | Lair:1   | HP: 1/93 [poisoned by a black mamba]
  7851 | Lair:1   | Succumbed to a black mamba's poison

Skill      XL: |  1  2  3  4  5  6  7  8  9 10 |
---------------+-------------------------------+-----
Armour         | 4 5 6 8 9 10 | 10.4
Fighting       | 4 5 6 7 9 10 | 10.2
Axes           | 3 4 5 6 7 9 10 | 10.1
Shields        | 4 5 6 7 9 10 | 10.3
Dodging        | 1 |  1.2
Stealth        | |  0.1

Action                   |  1- 3 |  4- 6 |  7- 9 | 10-12 || total
-------------------------+-------+-------+-------+-------++-------
Melee: War axe           |    70 |    27 |   102 |    76 ||   275
       Headbutt          |     6 |    24 |    55 |    15 ||   100
       Mace              |       |   123 |   230 |       ||   353
  Use: Scroll            |     2 |     2 |     7 |     4 ||    15
       Potion            |       |     3 |    14 |     3 ||    20
 Stab: Invisible         |       |       |     3 |       ||     3
  Eat: Fruit             |     2 |       |       |    11 ||    13
       Meat ration       |       |     1 |     1 |       ||     2
       Bread ration      |       |       |     1 |       ||     1
       Royal jelly       |       |       |     2 |       ||     2
Armor: Scale mail        |    41 |     9 |       |       ||    50
       Chain mail        |       |    70 |   211 |    40 ||   321
Dodge: Dodged            |    25 |    38 |   108 |    24 ||   195
Block: Shield            |    39 |    91 |   224 |    67 ||   421
